 Dungeon Crawl Stone Soup version 0.25-a0-566-g062765be81 (webtiles) character file.

Game seed: 4366318651795942577, levelgen mode: deterministic

3576 Flugslaktarn the Cleaver (level 9, -4/82 HPs)
             Began as a Deep Dwarf Fighter on Feb 28, 2020.
             Was a Believer of Makhleb.
             Slain by a komodo dragon (23 damage)
             ... on level 8 of the Dungeon.
             The game lasted 00:03:46 (4272 turns).

Flugslaktarn the Cleaver (Deep Dwarf Fighter)       Turns: 4272, Time: 00:03:47

Health: -4/82      AC: 15    Str: 24    XL:     9   Next: 84%
Magic:  7/7        EV:  6    Int:  8    God:    Makhleb [**....]
Gold:   338        SH: 11    Dex: 12    Spells: 8/8 levels left

rFire    . . .     SeeInvis .   a - +0 war axe
rCold    + . .     Gourm    .   y - +0 kite shield
rNeg     . . .     Faith    .   F - +0 chain mail
rPois    .         Spirit   .   (no helmet)
rElec    .         Reflect  .   (no cloak)
rCorr    +         Harm     +   g - +0 pair of gloves
MR       +....                  u - +2 pair of boots {Fly}
Stlth    ..........             s - amulet of harm
HPRegen  0.00/turn              k - ring of resist corrosion
MPRegen  0.10/turn              c - ring of protection from cold

@: flying, non-regenerating
A: damage resistance, heal wounds, sense surroundings 2, no regeneration
a: Heal Wounds, Minor Destruction, Renounce Religion, Stop Flying


You were on level 8 of the Dungeon.
You worshipped Makhleb.
Makhleb was pleased with you.
You were not hungry.

You visited 2 branches of the dungeon, and saw 9 of its levels.
You also visited: Sewer.

You collected 338 gold pieces.

Inventory:

Hand Weapons
 a - a +0 war axe (weapon)
Missiles
 C - 2 throwing nets (quivered)
Armour
 g - a +0 pair of gloves (worn)
   (You found it on level 7 of the Dungeon)
 u - a +2 pair of boots of flying (worn)
   (You found it on level 3 of the Dungeon)
 y - a +0 kite shield (worn)
 F - a +0 chain mail (worn)
   (You took it off an orc warrior on level 7 of the Dungeon)
Jewellery
 c - a ring of protection from cold (right hand)
   (You found it on level 6 of the Dungeon)
 h - a +3 amulet of reflection {unknown}
   (You found it on level 8 of the Dungeon)
 k - a ring of resist corrosion (left hand)
   (You found it on level 3 of the Dungeon)
 s - an amulet of harm (around neck)
   (You took it off an orc on level 5 of the Dungeon)
Wands
 p - a wand of scattershot (5)
   (You found it on level 8 of the Dungeon)
 x - a wand of acid (8)
   (You found it on level 8 of the Dungeon)
Scrolls
 r - 2 scrolls of identify
 t - a scroll of teleportation
 v - 3 scrolls of fear {unknown}
 w - 4 scrolls of remove curse
 D - a scroll of enchant weapon
Potions
 b - a potion of mutation {unknown}
 d - a potion of might
 i - 5 potions of flight {unknown}
 j - 3 potions of lignification {unknown}
 l - 2 potions of degeneration {unknown}
 m - a potion of magic {unknown}
 n - a potion of resistance
 o - 3 potions of brilliance {unknown}
 q - a potion of curing
 B - a potion of heal wounds {unknown}
Comestibles
 e - 11 rations
 f - 14 chunks of flesh


   Skills:
 + Level 6.2 Fighting
 * Level 9.8 Axes
 + Level 7.4 Armour
 + Level 7.5 Shields
 + Level 4.2 Invocations


You had 8 spell levels left.
You didn't know any spells.
Your spell library was empty.

Dungeon Overview and Level Annotations

Branches:
Dungeon (8/15)             Temple (1/1) D:6           Sewer (visited)
   Lair: D:8-11

Altars:
Cheibriados
Elyvilon
Fedhas
Gozag
Hepliaklqana
Kikubaaqudgha
Makhleb
Nemelex Xobeh
Okawaru
Qazlal
Ru
Trog
Uskayaw
Vehumet
Wu Jian
Xom
Yredelemnul
Zin
The Shining One

Shops:
D:4 }


Innate Abilities, Weirdness & Mutations

You are resistant to damage.
You can heal yourself by infusing magical energy.
You passively map the area around you.
You do not regenerate.


Message History

The komodo dragon is lightly wounded.
The komodo dragon bites you but does no damage.
You hit the komodo dragon but do no damage.
The komodo dragon is lightly wounded.
The komodo dragon bites you!
You hit the komodo dragon but do no damage.
The komodo dragon is lightly wounded.
The komodo dragon bites you!!
You slash the komodo dragon!
The komodo dragon is heavily wounded.
You block the komodo dragon's attack.
You barely miss the komodo dragon.
The komodo dragon is heavily wounded.
The komodo dragon bites you but does no damage.
You slash the komodo dragon!
The komodo dragon is almost dead.
The komodo dragon bites you!
* * * LOW HITPOINT WARNING * * *
The komodo dragon bites you!!
You die...

* ### ### ###
#.###.## ####
##.###..##..##..=,
#.#...#....#...# *
#......#......##
*,*
....÷........#.##
..÷..#..........#+,
.#.#.##..#..##..@#
#.#####.########l.#
##.# #.#..# ..## #
## ###### ####


You could see a komodo dragon.

Vanquished Creatures
  A hippogriff (D:6)
  2 wyverns (D:8)
  Duvessa (D:7)
  An acid dragon (D:8)
  A phantom (D:4)
  An ice beast (D:4)
  3 orc warriors
  2 sky beasts
  A black bear (D:8)
  2 ogres
  4 centaurs
  2 crocodiles (D:8)
  3 bullfrogs
  Dowan (D:7)
  2 scorpions
  A howler monkey (D:5)
  A centaur zombie (D:5)
  3 crimson imps
  A quasit (D:5)
  2 bullfrog skeletons
  An orc priest (D:7)
  A bullfrog zombie (D:8)
  2 hounds
  2 jellies
  A centaur skeleton (D:6)
  3 orc wizards
  Natasha (D:3)
  3 iguanas
  5 worker ants
  3 hound skeletons
  9 adders
  9 gnolls
  2 shadow imps
  6 oozes
  3 adder zombies
  2 adder skeletons
  3 worms
  A dart slug (D:4)
  10 leopard geckos
  36 orcs
  A bat (D:1)
  18 giant cockroaches
  A goblin (D:1)
  5 hobgoblins
  2 kobolds (D:1)
  4 quokkas
  5 ball pythons
  13 frilled lizards
  A leopard gecko skeleton (D:8)
  A leopard gecko zombie (D:7)
  2 quokka zombies (D:8)
  A rat (D:1)
192 creatures vanquished.

Notes
Turn   | Place    | Note
-------+----------+-------------------------------------------
     0 | D:1      | Flugslaktarn the Deep Dwarf Fighter began the quest for the
                  | Orb.
     0 | D:1      | Reached XP level 1. HP: 20/20 MP: 1/1
   110 | D:1      | Reached XP level 2. HP: 25/27 MP: 2/2
   223 | D:3      | Reached skill level 3 in Axes
   227 | D:3      | Reached XP level 3. HP: 24/34 MP: 3/3
   269 | D:3      | Noticed Natasha
   284 | D:3      | Killed Natasha
   284 | D:3      | Reached XP level 4. HP: 35/42 MP: 4/4
   591 | D:4      | Noticed an ice beast
   602 | D:4      | Killed an ice beast
   602 | D:4      | Reached skill level 4 in Axes
   602 | D:4      | Reached XP level 5. HP: 22/49 MP: 5/5
   775 | D:4      | Reached XP level 6. HP: 45/56 MP: 6/6
   826 | D:4      | Reached skill level 5 in Axes
   965 | D:4      | Found Ytzufayfew's Gadget Shop.
  1273 | D:5      | Entered Level 5 of the Dungeon
  1342 | D:5      | Reached XP level 7. HP: 53/64 MP: 7/7
  1348 | D:5      | Reached skill level 5 in Armour
  1348 | D:5      | Reached skill level 5 in Shields
  1438 | D:5      | Reached skill level 6 in Axes
  1524 | D:5      | Found a stormy altar of Qazlal.
  1614 | D:5      | Found a glowing drain.
  1638 | Sewer    | Entered a sewer
  1832 | Sewer    | Reached XP level 8. HP: 72/73 MP: 7/7
  2008 | D:5      | Reached skill level 7 in Axes
  2117 | D:6      | Found a sparkling altar of Nemelex Xobeh.
  2301 | D:6      | Found an ornate altar of the Wu Jian Council.
  2414 | D:6      | Noticed a hippogriff
  2422 | D:6      | Killed a hippogriff
  2422 | D:6      | Reached skill level 5 in Fighting
  2496 | D:6      | Found a staircase to the Ecumenical Temple.
  2551 | D:6      | Reached skill level 8 in Axes
  2599 | Temple   | Entered the Ecumenical Temple
  2662 | Temple   | Became a worshipper of Makhleb the Destroyer
  2863 | D:7      | Reached skill level 1 in Invocations
  2951 | D:7      | Found a sacrificial altar of Ru.
  3183 | D:7      | Found a sacrificial altar of Ru.
  3184 | D:7      | Gained mutation: You passively map the area around you.
                  | [Deep Dwarf growth]
  3184 | D:7      | Reached XP level 9. HP: 70/81 MP: 7/7
  3200 | D:7      | Found a glowing golden altar of the Shining One.
  3200 | D:7      | Found a bloodstained altar of Trog.
  3203 | D:7      | Found a radiant altar of Vehumet.
  3551 | D:7      | Found an iron altar of Okawaru.
  3719 | D:7      | Noticed Duvessa
  3728 | D:7      | Killed Duvessa
  3728 | D:7      | Noticed Dowan
  3738 | D:7      | Killed Dowan
  3832 | D:8      | Reached * piety under Makhleb
  3876 | D:8      | Found a basalt altar of Yredelemnul.
  3934 | D:8      | Reached skill level 9 in Axes
  4009 | D:8      | Found a sparkling altar of Nemelex Xobeh.
  4218 | D:8      | Reached ** piety under Makhleb
  4265 | D:8      | Noticed a komodo dragon
  4272 | D:8      | Slain by a komodo dragon

Levels and vault maps discovered:
D:1:      elethiomel_arrival_maze, layout_loops_ring
D:2:      minmay_alternating_diamond, layout_basic, nicolae_ashenzari_panopticon
D:3:      minmay_diamond_boxcup, layout_loops_ring, uniq_natasha
D:4:      layout_loops_corners, serial_shops, shop, minmay_stone_trees_small
D:5:      layout_rooms, lemuel_crystal_altar, first_ration,
          cheibrodos_sewer_entry_bend
D:6:      minmay_chambers_of_sixes, layout_basic, kennysheep_mini_moat,
          nemelex_xobeh_ov_fountains_minmay, minmay_temple_entry_overgrown,
          hangedman_decor_push, st_stairs_10
D:7:      layout_basic, grunt_temple_overflow_open, okawaru_trees_1,
          basic_altar, palyth_stone_intersect, uniq_duvessa
D:8:      layout_cave_pools, led_sif_book, yredelemnul_altar_generic,
          erik_lair_dragon, grunt_livestock, nemelex_dance_club_becter
Temple:   eino_temple_lava

Skill      XL: |  1  2  3  4  5  6  7  8  9 |
---------------+----------------------------+-----
Axes           | 3 4 5 6 8 9 |  9.8
Fighting       | 3 4 5 6 |  6.2
Armour         | 4 5 6 7 |  7.4
Shields        | 4 5 6 7 |  7.5
Invocations    | 1 4 |  4.2

Action                   |  1- 3 |  4- 6 |  7- 9 || total
-------------------------+-------+-------+-------++-------
Melee: War axe           |    53 |   141 |   489 ||   683
 Abil: Heal Wounds       |     1 |     3 |    15 ||    19
  Use: Scroll            |       |       |     9 ||     9
  Eat: Chunk             |       |     2 |    10 ||    12
Armor: Scale mail        |    11 |   117 |   134 ||   262
       Chain mail        |       |       |    69 ||    69
Dodge: Dodged            |    17 |    50 |   124 ||   191
Block: Kite shield       |    30 |    99 |   277 ||   406

Table legend:
 A = Non-vault XP
 B = Vault XP
 C = Vault XP percentage of total XP
 D = Non-vault monster count
 E = Vault monster count
 F = Vault count percentage of total count
                 A         B        C        D         E       F
            +---------+---------+-------+---------+---------+-------
      Total |    3299 |    1810 |  35.4 |     127 |      65 |  33.9
            +---------+---------+-------+---------+---------+-------
        D:1 |      17 |       0 |   0.0 |      10 |       0 |   0.0
        D:2 |       7 |       0 |   0.0 |       4 |       0 |   0.0
        D:3 |      49 |      35 |  41.7 |       6 |       1 |  14.3
        D:4 |     563 |       0 |   0.0 |      21 |       0 |   0.0
        D:5 |     680 |       5 |   0.7 |      24 |       1 |   4.0
        D:6 |     314 |     609 |  66.0 |      17 |       8 |  32.0
        D:7 |     523 |     231 |  30.6 |      15 |       2 |  11.8
        D:8 |    1146 |     678 |  37.2 |      30 |       6 |  16.7
      Sewer |       0 |     252 | 100.0 |       0 |      47 | 100.0
            +---------+---------+-------+---------+---------+-------
